 Dungeon Crawl Stone Soup version 0.29.1-1-gd02db6906a (webtiles) character file.

Game seed: 16893483903800502438

30 Romesagentofchaos the Covered (level 3, -4/31 HPs)
             Began as a Meteoran Fighter on Oct 21, 2022.
             Succumbed to Robin's poison
             ... on level 2 of the Dungeon.
             The game lasted 00:04:55 (509 turns).

Romesagentofchaos the Covered (Meteoran Fighter)     Turns: 509, Time: 00:04:55

Health: -4/31      AC:  7    Str: 20    XL:     3   Next: 55%
Magic:  4/4        EV:  9    Int:  9    God:
Gold:   58         SH:  5    Dex: 13    Spells: 2/2 levels left

rFire   + . .      SeeInvis .   a - +0 flail
rCold   + . .      Faith    .   c - +0 buckler
rNeg    . . .      Spirit   .   b - +0 scale mail
rPois   +          Reflect  .   (no helmet)
rElec   +          Harm     .   (no cloak)
rCorr   +          Rampage  .   (no gloves)
Will    .....                   (no boots)
Stlth   ..........              (no amulet)
HPRegen 0.10/turn               (no ring)
MPRegen 0.09/turn               (no ring)

@: mighty, lethally poisoned (-4 -> -25), resistant, glowing
A: sense surroundings 1, otherworldly, glowing, explore regen
a: no special abilities


You were on level 2 of the Dungeon.
You visited 1 branch of the dungeon, and saw 2 of its levels.

You collected 58 gold pieces.

Inventory:

Hand Weapons
 a - a +0 flail (weapon)
Armour
 b - a +0 scale mail (worn)
 c - a +0 buckler (worn)
Potions
 f - a potion of attraction


   Skills:
 + Level 3.6 Fighting
 + Level 3.2 Maces & Flails
 + Level 4.1 Armour
 + Level 4.0 Shields


You had 2 spell levels left.
You didn't know any spells.
Your spell library was empty.

Dungeon Overview and Level Annotations

Branches:
Dungeon (2/15) Zot: 663

Altars:

Annotations:
D:2 Robin


Innate Abilities, Weirdness & Mutations

You passively map a small area around you.
You are easily found by Zot.
You glow in the dark.
You regain HP and MP as you explore.


Message History

a +0 club; a goblin skeleton You have lingered too long.
Zot senses you.
Dive deeper or flee this branch before you suffer!
You see here a +0 club.
There is a stone staircase leading down here.
You climb downwards.
As you enter the new level, Zot loses track of you.
Robin shouts!
The goblin shouts! x3; The hobgoblin shouts!
The goblin shouts! x2
The hobgoblin shouts!
The goblin shouts! x2; You hear a shout!
Found a trident.
There is a stone staircase leading up here.
You feel very mighty all of a sudden.
A goblin comes into view. It is wielding a +3 dagger.
The goblin hits you but does no damage. The goblin closely misses you.
Robin hits you with a +4 short sword of venom.
You are poisoned.
The goblin hits you with a +0 club.
You hit the goblin.
The goblin is severely wounded.
You feel very sick.
You block the goblin's attack. x2; The goblin hits you but does no damage.
Robin roars a battlecry!
The goblins go into a battle-frenzy!
You closely miss the goblin.
The goblin is severely wounded.
You feel sick. You block the goblin's attack. The goblin barely misses you. x2
Robin hits you with a +4 short sword of venom.
You are lethally poisoned!
You closely miss the goblin.
The goblin is severely wounded.
You feel very sick. The goblin hits you with a +0 dagger.
* * * LOW HITPOINT WARNING * * *
The goblin hits you but does no damage. The goblin hits you with a +0 club.
* * * LOW HITPOINT WARNING * * *
Robin hits you with a +4 short sword of venom.
* * * LOW HITPOINT WARNING * * *
You are more poisoned.
It was a potion of resistance.
You feel protected.
You die...

** ** , ,
# ###.###
##ggg....
*,#@gg# *
#ggg..# *
* .ggg..#
*
#####g.#
, , ..# *
, ,.).
..# * #.#
* *


You could see Robin, 2 hobgoblins and 9 goblins.

Vanquished Creatures
  A dart slug (D:1)
  2 bats (D:1)
  3 endoplasms (D:1)
  2 giant cockroaches (D:1)
  4 hobgoblins (D:1)
  6 jackals (D:1)
  A frilled lizard (D:1)
  2 goblins (D:1)
  2 rats (D:1)
23 creatures vanquished.

Notes
Turn   | Place    | Note
-------+----------+-------------------------------------------
     0 | D:1      | Romesagentofchaos the Meteoran Fighter began the quest for
                  | the Orb.
     0 | D:1      | Reached XP level 1. HP: 19/19 MP: 2/2
    63 | D:1      | Reached XP level 2. HP: 13/26 MP: 3/3
   259 | D:1      | Reached XP level 3. HP: 31/31 MP: 4/4
   383 | D:1      | Found a faded altar of an unknown god.
   472 | D:1      | Glimpsed the power of Zot.
   504 | D:2      | Noticed Robin
   508 | D:2      | HP: 1/31 [Robin/+4 short sword of venom (2)]
   509 | D:2      | Succumbed to Robin's poison

Illustrated notes

Levels and vault maps discovered:
D:1:      erik_arrival_triangle_small, layout_rooms,
          hellmonk_ecumenical_altar_inner_sanctum
D:2:      minmay_wonky_spiral, layout_basic, minivault_11, minmay_puff,
          uniq_robin

Skill      XL: |  1  2  3 |
---------------+----------+-----
Armour         | 4 |  4.1
Shields        | 4 |  4.0
Maces & Flails | 3 |  3.2
Fighting       | |  3.6

Action                   || total
-------------------------++-------
Melee: Flail             ||    94
  Use: Potion            ||     4
       Scroll            ||     1
Armor: Scale mail        ||    75
Dodge: Dodged            ||    52
Block: Buckler           ||    29
